 Dungeon Crawl Stone Soup version 0.16-a0-77-g708f960 (webtiles) character file.

1042 Ololoev the Digger (level 8, -10/41 HPs)
             Began as a Gargoyle Earth Elementalist on Aug 8, 2014.
             Was an Initiate of Vehumet.
             Killed from afar by Ololoev's ghost (21 damage)
             ... with a stone arrow
             ... on Level 5 of the Dungeon.
             The game lasted 00:22:45 (5815 turns).

Ololoev the Digger (Gargoyle Earth Elementalist)    Turns: 5815, Time: 00:22:45

HP -10/41        AC  9     Str 13      XL: 8   Next: 25%
MP   0/16        EV 12     Int 17      God: Vehumet [......]
Gold 188         SH  0     Dex 10      Spells:  2 memorised,  9 levels left

rFire  . . .     SeeInvis .     r - +2 mace (holy)
rCold  + . .     Clarity  +     c - +0 robe
rNeg   + . .     rCorr    .     (no shield)
rPois  +         rRot     +     (no helmet)
rElec  +         Spirit   .     (no cloak)
SustAb .         Warding  .     D - +0 pair of gloves
rMut   .         Stasis   .     (no boots)
Gourm  .                        y - amulet of clarity
MR     .....                    A - +1 ring of protection
                                o - ring of protection from cold

@: not resistant to hostile enchantments, unstealthy
A: negative energy resistance 1, electricity resistance, unbreathing,
petrification resistance, rot immunity, AC +5
a: Renounce Religion


You were on level 5 of the Dungeon.
You worshipped Vehumet.
Vehumet was noncommittal.
You were hungry.

You visited 1 branch of the dungeon, and saw 5 of its levels.

You collected 188 gold pieces.

Inventory:

Hand weapons
 r - a +2 mace of holy wrath (weapon)
Missiles
 b - 33 stones (quivered)
Armour
 c - a +0 robe (worn)
 D - a +0 pair of gloves (worn)
Comestibles
 a - 6 bread rations
 j - 4 fruits
 m - a meat ration
 B - 6 rotting chunks of centaur flesh
Scrolls
 e - 2 scrolls of identify {unknown}
 f - a scroll of amnesia {unknown}
 g - 2 scrolls of enchant armour {unknown}
 i - a scroll of remove curse {unknown}
 p - a scroll of immolation {unknown}
 q - a scroll of teleportation {unknown}
 s - a scroll of fog {unknown}
 u - 2 scrolls of enchant weapon {unknown}
 w - a scroll of blinking {unknown}
 x - a scroll of magic mapping {unknown}
 z - a scroll of recharging {unknown}
Jewellery
 o - a ring of protection from cold (left hand)
 y - an amulet of clarity (around neck)
 A - a +1 ring of protection (right hand)
Potions
 h - a potion of invisibility {unknown}
 k - 2 potions of heal wounds {unknown}
 l - a potion of cancellation {unknown}
 n - 3 potions of curing
 t - 2 potions of mutation {unknown}
 v - a potion of beneficial mutation {unknown}
Books
 d - a book of Geomancy

   Spells                             Type                      Level
   *Sandblast                         Earth                        1
   Stoneskin                          Transmutation/Earth          2
   Passwall                           Transmutation/Earth          3
   *Stone Arrow                       Conjuration/Earth            3
   Petrify                            Transmutation/Earth          4
   Lee's Rapid Deconstruction         Earth                        5


   Skills:
 - Level 1.5 Dodging
 - Level 2.1 Stealth
 + Level 3.4 Spellcasting
 - Level 7.2 Conjurations
   Level 0.7 Transmutations
 * Level 7.7 Earth Magic


You had 9 spell levels left.
You knew the following spells:

 Your Spells              Type           Power        Failure   Level  Hunger
a - Sandblast             Erth           ####..       1%          1    None
b - Stone Arrow           Conj/Erth      ####..       2%          3    ###....


Dungeon Overview and Level Annotations

Branches:
Dungeon (5/15)             Temple (0/1) D:4

Altars:
Vehumet
Xom
The Shining One

Annotations:
D:2 Sigmund
D:5 Ololoev's ghost, average GrEE


Innate Abilities, Weirdness & Mutations

You are resistant to torment.
You are immune to poison.
Your stone body is very resilient (AC +5).
You resist negative energy.
You are resistant to electric shocks.
You can survive without breathing.
You are immune to petrification.
You are immune to rotting.


Message History

Ololoev's ghost is severely damaged.
Ololoev's ghost casts a spell at you. The stone arrow hits you!
* * * LOW HITPOINT WARNING * * *
Casting: Stone Arrow
Confirm with . or Enter, or press ? or * to list all spells.
Aiming: Stone Arrow
Press: ? - help, Shift-Dir - straight line, f/p - Ololoev's ghost
Aim: Ololoev's ghost (severely damaged)
The stone arrow misses Ololoev's ghost.
Ololoev's ghost completely misses you.
You hit Ololoev's ghost but do no damage.
Ololoev's ghost is severely damaged.
Ololoev's ghost completely misses you.
You smell something rotten. (slot B) Drink which item? (? for menu, Esc to quit)
You feel better.
It was a potion of curing.
Ololoev's ghost gestures at you while chanting.
The stone arrow hits you!
Ouch! That really hurt!
You die...

..# #.......# ..# #.......# ..#
#######(# ..# #.# ..#+### #.#
...W^.# #.# ......# #.########
......#########W#......##########
..).............@...(............
#.#.###########.#.####.##########
#.#.##.........%...###.##........
#.#.#...........#..#....#.#######
#.#.####...........#.####.#.....#
#.#.......)######...........#.#[#
#.######.#.#.......#.####.#.#.#<#
.........#.#.####.#...###.#.#.#)#
..####.#.#.#.# #.#...#...#.#.###


You could see Ololoev's ghost.

Vanquished Creatures
  Edmund (D:4)
  A phantom (D:4)
  A centaur (D:5)
  3 ogres
  A giant frog (D:4)
  A crimson imp (D:5)
  An iguana (D:5)
  2 giant frog skeletons
  A jelly (D:5)
  2 orc priests (D:4)
  3 worker ants
  Terence (D:2)
  4 adders
  A giant mite (D:2)
  3 worms
  2 giant geckos
  2 oozes
  10 orcs
  14 bats
  7 giant cockroaches
  6 goblins
  9 hobgoblins
  3 jackals
  14 kobolds
  A quokka (D:4)
  4 giant newts
  A goblin skeleton (D:5)
  An orc skeleton (D:4)
  11 rats
  A rat skeleton (D:4)
  A butterfly (D:4)
113 creatures vanquished.

Notes
Turn   | Place    | Note
--------------------------------------------------------------
     0 | D:1      | Ololoev, the Gargoyle Earth Elementalist, began the quest for the Orb.
     0 | D:1      | Reached XP level 1. HP: 10/10 MP: 3/3
   135 | D:1      | Reached XP level 2. HP: 6/15 MP: 0/5
   662 | D:1      | Reached skill level 4 in Earth Magic
   723 | D:1      | Found a glowing golden altar of the Shining One.
   962 | D:2      | Reached XP level 3. HP: 15/19 MP: 6/6
   995 | D:2      | Noticed Sigmund
  1065 | D:1      | Learned a level 3 spell: Stone Arrow
  1354 | D:2      | Reached skill level 1 in Conjurations
  1570 | D:2      | Reached XP level 4. HP: 18/24 MP: 9/9
  1822 | D:2      | Noticed Terence
  1836 | D:2      | Killed Terence
  2837 | D:3      | Reached skill level 5 in Earth Magic
  2837 | D:3      | Reached XP level 5. HP: 28/28 MP: 8/11
  3241 | D:4      | Noticed an ogre
  3242 | D:4      | Noticed an ogre
  3328 | D:4      | Noticed Edmund
  3346 | D:4      | Killed an ogre
  3427 | D:4      | Reached XP level 6. HP: 32/32 MP: 5/12
  3590 | D:4      | Killed an ogre
  3677 | D:4      | Killed Edmund
  3677 | D:4      | Reached skill level 5 in Conjurations
  3677 | D:4      | Reached skill level 6 in Earth Magic
  3677 | D:4      | Reached XP level 7. HP: 19/36 MP: 1/14
  3883 | D:4      | Found a staircase to the Ecumenical Temple.
  4220 | D:4      | Noticed a phantom
  4243 | D:4      | Killed a phantom
  4477 | D:4      | Found a shimmering altar of Xom.
  4623 | D:5      | Entered Level 5 of the Dungeon
  4688 | D:5      | Reached skill level 7 in Conjurations
  4814 | D:5      | Reached XP level 8. HP: 41/41 MP: 9/16
  4880 | D:5      | Found a radiant altar of Vehumet.
  4888 | D:5      | Became a worshipper of Vehumet
  5054 | D:5      | Noticed Ololoev's ghost (average GrEE)
  5509 | D:5      | Found a shimmering altar of Xom.
  5815 | D:5      | Killed from afar by Ololoev's ghost

Action                   |  1- 3 |  4- 6 |  7- 9 || total
-------------------------+-------+-------+-------++-------
Melee: Unarmed           |     5 |       |       ||     5
       Dagger            |    20 |       |       ||    20
       Mace              |     6 |    13 |    80 ||    99
 Cast: Sandblast         |    35 |    58 |     1 ||    94
       Stone Arrow       |       |    16 |    42 ||    58
Evoke: Wand              |       |       |     1 ||     1
  Use: Potion            |       |       |     1 ||     1
 Stab: Sleeping          |     4 |       |       ||     4
       Distracted        |       |       |     1 ||     1
  Eat: Chunk             |     2 |     8 |    11 ||    21
